cohdb
Replays
Latest Replays
All Replays
Popular Replays
Top Player Replays
Match Explorer
How It Works
Community
CoH3 Stats
Reddit
Sign in to upload your games and track your stats! →
Sign in with Steam
Match 20246982
Unlisted
Match 20246982
Overview
Messages
Build Orders
End
Vickers Machine Gun Team
Construct Section Command Post
Selects Air and Sea Battlegroup
Royal Engineer Section
Infantry Section
ML 3-inch Mortar Team
Construct Platoon Command Post
Selects Commando Section Paradrop
Humber Armored Car
Infantry Section
CMP 15cwt Truck
Construct Company Command Post
Selects M1 Pack Howitzer Paradrop
Grenade Package
6-pounder Anti-tank Gun Team
Matilda II Heavy Tank
Selects Incendiary Bombing Run
Crusader II Medium Tank
Incendiary Bombing Run
M1 Pack Howitzer Paradrop
Incendiary Bombing Run
gb_gbg
SneaKerz
XxTobixX
he11
0
0
Comments
sign in to comment!
No comments posted yet!